 Dungeon Sprint DCSS version 0.20-a0-11-ga97c7b5 (webtiles) character file.

10210 poirepourri the Imperceptible (level 11, -3/53 HPs)
             Began as a Spriggan Enchanter on Nov 2, 2016.
             Was the Champion of Dithmenos.
             Killed by divine providence
             ... invoked by a deep elf high priest
              (16 damage)
             ... in the Dungeon (Sprint III: "The Ten Rune Challenge").
             The game lasted 00:06:11 (1810 turns).

poirepourri the Imperceptible (Spriggan Enchanter)  Turns: 1810, Time: 00:06:12

Health: -3/53      AC:  4    Str:  4    XL:     11   Next: 33%
Magic:  24/30      EV: 25    Int: 16    God:    Dithmenos [******]
Gold:   1915       SH:  0    Dex: 21    Spells: 5 memorised, 26 levels left

rFire  . . .     SeeInvis +     a - +1 dagger
rCold  . . .     Gourm    .     b - +1 robe
rNeg   . . .     Faith    .     (shield restricted)
rPois  .         Spirit   .     (helmet restricted)
rElec  .         Reflect  .     l - +0 cloak
rCorr  .         Harm     .     (gloves unavailable)
MR     +....     NoTele   +     (boots unavailable)
Stlth  ++++++++++               (no amulet)
                                (no ring)
                                (no ring)

@: wreathed by umbra, very quick
A: unfitting armour, see invisible, herbivore 3, speed 3, slow metabolism 2
a: Shadow Step, Shadow Form, Renounce Religion


You were in the Dungeon.
You worshipped Dithmenos.
Dithmenos was exalted by your worship.
You were not hungry.

You visited 1 branch You collected 1915 gold pieces.

Inventory:

Hand Weapons
 a - a +1 dagger (weapon)
 t - a +0 blowgun
Missiles
 s - 4 throwing nets (quivered)
 v - 7 curare-tipped needles
Armour
 b - a +1 robe (worn)
 l - a +0 cloak (worn)
Wands
 k - a wand of teleportation (7/9)
 n - a wand of lightning (8/15)
Scrolls
 p - 2 scrolls of remove curse
Potions
 e - 2 potions of curing
 g - a potion of haste
 h - 2 potions of magic
 i - a potion of berserk rage
 m - 2 potions of mutation
 q - a potion of agility
 r - a potion of flight {unknown}
 u - a potion of brilliance {unknown}
Books
 c - a book of Maledictions

   Spells                             Type                      Level
   a - Corona                         Hexes                        1
   b - Ensorcelled Hibernation        Hexes/Ice                    2
   c - Confuse                        Hexes                        3
   d - Tukima's Dance                 Hexes                        3
   e - Dazzling Spray                 Conjuration/Hexes            3
Comestibles
 d - 2 bread rations
 o - 26 royal jellies


   Skills:
 + Level 4.2 Fighting
 + Level 9.3 Short Blades
 + Level 8.0 Dodging
 + Level 24.4 Stealth
 + Level 14.0 Spellcasting
 + Level 0.1 Conjurations
 + Level 15.4 Hexes
 + Level 5.5 Ice Magic
 + Level 1.2 Invocations


You had 26 spell levels left.
You knew the following spells:

 Your Spells              Type           Power        Failure   Level  Hunger
a - Corona                Hex            ######.      0%          1    None
b - Ensorcelled Hibernat  Hex/Ice        #####.       1%          2    None
c - Confuse               Hex            ######..     1%          3    None
d - Tukima's Dance        Hex            ######..     1%          3    None
e - Dazzling Spray        Conj/Hex       #####.       1%          3    None


Dungeon Overview and Level Annotations

Branches:
Dungeon (1/1)

Altars:
Cheibriados
Dithmenos
Elyvilon
Fedhas
Gozag
Hepliaklqana
Kikubaaqudgha
Makhleb
Nemelex Xobeh
Okawaru
Qazlal
Ru
Sif Muna
Trog
Uskayaw
Vehumet
Xom
Yredelemnul
Zin
The Shining One
Beogh
Jiyva
Lugonu

Shops:
D }


Innate Abilities, Weirdness & Mutations

You are very small and have problems with some larger weapons.
You are too small for most types of armour.
You have supernaturally acute eyesight. (SInv)
You are a herbivore.
You cover ground extremely quickly.
You need consume almost no food.


Message History

Casting: Ensorcelled Hibernation
Confirm with . or Enter, or press ? or * to list all spells.
Aiming: Ensorcelled Hibernation
Press: ? - help, Shift-Dir - straight line, f/p - deep elf high priest
Aim: a deep elf high priest, wielding a pitted glaive {flame}, wearing a glowing ring mail and wearing a pearl ring (umbra, chance to defeat MR: 19%)
The deep elf high priest resists with almost no effort.
The deep elf high priest hits you from afar with a pitted glaive {flame}!!
You emit a cloud of dark smoke.
The deep elf high priest burns you!
* * * LOW HITPOINT WARNING * * *
Casting: Ensorcelled Hibernation
Confirm with . or Enter, or press ? or * to list all spells.
Aiming: Ensorcelled Hibernation
Press: ? - help, Shift-Dir - straight line, f/p - deep elf high priest
Aim: a deep elf high priest, wielding a pitted glaive {flame}, wearing a glowing ring mail and wearing a pearl ring (black smoke, umbra, chance to defeat MR: 19%)
The deep elf high priest resists with almost no effort.
Your shadow mimicks your spell!
The deep elf high priest resists with almost no effort.
The deep elf high priest calls down the wrath of its god upon you.
Something smites you!
You die...

▓▓▓ ▓▓▓▓ ########.###..########
[#__##.#.∩....§§§#...# e.
)#._#..........#@#...##≈≈≈
##'##.........##§#...≈≈≈§e
....#).......#.#e#...##≈
....#)#.#.######.'...#
###'#)##.## #######
#.[.#)###########################
#...#....#)#)#)....#.....††...≈≈#
#...##.#.)#.##.###.#......#...≈≈#
#..)'##)#.#.##.#).##......#...≈≈≈


You could see a deep elf high priest.

Vanquished Creatures
  Sigmund (D)
  Erolcha (D)
  A deep elf knight (D)
  3 deep elf magi (D)
  Edmund (D)
  A queen bee (D)
  3 wandering mushrooms (D)
  A shadow (D)
  2 redbacks (D)
  A spatial vortex (D)
  2 hill giants (D)
  3 orc warriors (D)
  A necrophage (D)
  3 two-headed ogres (D)
  A water elemental (D)
  32 killer bees (D)
  A jelly (D)
  4 orc wizards (D)
  A wizard (D)
  Crazy Yiuf (D)
  Jessica (D)
  A necromancer (D)
  3 humans (D)
  A kobold demonologist (D)
  8 orcs (D)
  A hobgoblin (D)
  4 rats (D)
83 creatures vanquished.

Vanquished Creatures (others)
  2 draconian scorchers (D)
  3 yaktaurs (D)
  6 hellions (D)
11 creatures vanquished.

Grand Total: 94 creatures vanquished

Notes
Turn   | Place    | Note
-------+----------+-------------------------------------------
     0 | D        | poirepourri the Spriggan Enchanter began the quest for the Orb.
     0 | D        | Reached XP level 1. HP: 9/9 MP: 5/5
    11 | D        | Reached skill level 5 in Stealth
    32 | D        | Noticed Jessica
    38 | D        | Killed Jessica
    38 | D        | Reached skill level 7 in Stealth
    38 | D        | Reached skill level 5 in Hexes
    38 | D        | Reached XP level 2. HP: 13/13 MP: 5/7
    62 | D        | Learned a level 2 spell: Ensorcelled Hibernation
    64 | D        | Noticed Crazy Yiuf
    67 | D        | Killed Crazy Yiuf
    67 | D        | Reached skill level 8 in Stealth
    67 | D        | Reached XP level 3. HP: 16/16 MP: 7/9
    88 | D        | Reached skill level 9 in Stealth
    88 | D        | Reached XP level 4. HP: 15/21 MP: 2/11
    96 | D        | Learned a level 3 spell: Confuse
   100 | D        | Learned a level 3 spell: Tukima's Dance
   104 | D        | Learned a level 3 spell: Dazzling Spray
   127 | D        | Killed a hellion
   127 | D        | Killed a hellion
   142 | D        | Killed a hellion
   144 | D        | Killed a white draconian scorcher
   147 | D        | Killed a hellion
   149 | D        | Killed a hellion
   176 | D        | Killed a white draconian scorcher
   195 | D        | Noticed a water elemental
   198 | D        | Killed a water elemental
   198 | D        | Reached skill level 10 in Stealth
   198 | D        | Reached skill level 5 in Spellcasting
   208 | D        | Found a radiant altar of Vehumet.
   208 | D        | Found a deep blue altar of Sif Muna.
   208 | D        | Found an ancient bone altar of Kikubaaqudgha.
   208 | D        | Noticed a wizard
   210 | D        | Killed a wizard
   210 | D        | Reached skill level 11 in Stealth
   210 | D        | Reached XP level 5. HP: 24/24 MP: 14/14
   211 | D        | Killed a hellion
   218 | D        | Killed a yaktaur
   223 | D        | Found a glowing silver altar of Zin.
   223 | D        | Found a glowing golden altar of the Shining One.
   223 | D        | Found a white marble altar of Elyvilon.
   223 | D        | Noticed a deep elf mage
   226 | D        | Killed a deep elf mage
   226 | D        | Reached skill level 5 in Short Blades
   226 | D        | Reached skill level 14 in Stealth
   226 | D        | Reached skill level 10 in Hexes
   226 | D        | Reached skill level 1 in Ice Magic
   226 | D        | Reached XP level 6. HP: 28/28 MP: 15/17
   226 | D        | Reached XP level 7. HP: 32/32 MP: 15/18
   233 | D        | Found a basalt altar of Yredelemnul.
   233 | D        | Found a shadowy altar of Dithmenos.
   233 | D        | Found a sacrificial altar of Ru.
   236 | D        | Reached skill level 15 in Stealth
   240 | D        | Became a worshipper of Dithmenos the Shadowed
   248 | D        | Found a hide-covered altar of Uskayaw.
   248 | D        | Found a roughly hewn altar of Beogh.
   248 | D        | Found an iron altar of Okawaru.
   248 | D        | Found a bloodstained altar of Trog.
   248 | D        | Noticed a human
   249 | D        | Noticed a human
   265 | D        | Killed a human
   266 | D        | Killed a yaktaur
   281 | D        | Killed a human
   281 | D        | Reached skill level 16 in Stealth
   377 | D        | Noticed a shadow
   379 | D        | Killed a shadow
   379 | D        | Reached * piety under Dithmenos
   379 | D        | Reached skill level 1 in Fighting
   379 | D        | Reached XP level 8. HP: 37/37 MP: 19/21
   390 | D        | Found a blossoming altar of Fedhas.
   390 | D        | Found a stormy altar of Qazlal.
   390 | D        | Found a snail-covered altar of Cheibriados.
   390 | D        | Found a burning altar of Makhleb.
   390 | D        | Found a shimmering altar of Xom.
   392 | D        | Found a hazy altar of Hepliaklqana.
   392 | D        | Found an opulent altar of Gozag.
   392 | D        | Found a sparkling altar of Nemelex Xobeh.
   392 | D        | Found a corrupted altar of Lugonu.
   392 | D        | Found a viscous altar of Jiyva.
   407 | D        | Reached ** piety under Dithmenos
   409 | D        | Reached skill level 17 in Stealth
   422 | D        | Noticed Erolcha
   424 | D        | Killed Erolcha
   424 | D        | Reached *** piety under Dithmenos
   424 | D        | Reached skill level 19 in Stealth
   424 | D        | Reached XP level 9. HP: 43/43 MP: 21/23
   518 | D        | Reached skill level 10 in Spellcasting
   622 | D        | Noticed a wandering mushroom
   627 | D        | Noticed a wandering mushroom
   629 | D        | Noticed a wandering mushroom
   643 | D        | Reached **** piety under Dithmenos
   673 | D        | Killed a wandering mushroom
   673 | D        | Reached skill level 20 in Stealth
   684 | D        | Killed a wandering mushroom
   740 | D        | Noticed Sigmund
   740 | D        | Noticed Edmund
   742 | D        | Killed Edmund
   744 | D        | Killed Sigmund
   744 | D        | Reached skill level 23 in Stealth
   744 | D        | Reached skill level 1 in Invocations
   744 | D        | Reached XP level 10. HP: 49/49 MP: 20/28
   797 | D        | Reached ***** piety under Dithmenos
   920 | D        | Reached ****** piety under Dithmenos
   990 | D        | Reached XP level 11. HP: 47/53 MP: 23/29
  1198 | D        | Reached skill level 15 in Hexes
  1379 | D        | Found Byuleed's Gadget Shoppe.
  1583 | D        | Noticed a deep elf mage
  1583 | D        | Noticed a deep elf mage
  1583 | D        | Noticed a deep elf knight
  1583 | D        | Noticed a deep elf mage
  1583 | D        | Noticed a deep elf mage
  1588 | D        | Noticed a deep elf mage
  1598 | D        | Killed a deep elf mage
  1598 | D        | Reached skill level 24 in Stealth
  1598 | D        | Reached skill level 5 in Ice Magic
  1625 | D        | HP: 1/53 [deep elf knight/scimitar of electrocution (22)]
  1626 | D        | Killed a deep elf knight
  1783 | D        | Killed a deep elf mage
  1802 | D        | Noticed a deep elf high priest
  1810 | D        | Killed from afar by a deep elf high priest

Vault maps used:
D:        dungeon_sprint_mu

Skill      XL: |  1  2  3  4  5  6  7  8  9 10 11 |
---------------+----------------------------------+-----
Stealth        | 7 8 9 11 14 16 19 23 24 | 24.4
Dodging        | 4 6 7 8 |  8.0
Spellcasting   | 3 4 5 7 8 9 13 14 | 14.0
Hexes          | 5 6 8 10 11 12 14 15 | 15.4
Short Blades   | 2 5 6 8 9 |  9.3
Ice Magic      | 1 2 4 5 |  5.5
Fighting       | 1 2 4 |  4.2
Invocations    | 1 |  1.2
Conjurations   | |  0.1

Action                   |  1- 3 |  4- 6 |  7- 9 | 10-12 || total
-------------------------+-------+-------+-------+-------++-------
Melee: Dagger            |     6 |     4 |    23 |    92 ||   125
 Cast: Ensorcelled Hiber |     3 |       |     7 |    64 ||    74
       Confuse           |       |       |     9 |     2 ||    11
       Dazzling Spray    |       |       |       |     1 ||     1
Invok: Shadow Step       |       |       |     1 |     1 ||     2
  Use: Scroll            |       |     5 |       |     1 ||     6
       Potion            |       |     1 |       |     1 ||     2
 Stab: Sleeping          |     5 |     4 |    16 |    49 ||    74
       Confused          |       |       |     2 |     2 ||     4
       Distracted        |       |       |       |     1 ||     1
Armor: Robe              |       |       |     1 |     3 ||     4
Dodge: Dodged            |     2 |       |    14 |    68 ||    84
